 Dungeon Crawl Stone Soup version 0.30-b1-2-g02819fbbbe (webtiles) character file.

Game seed: 16639552788362884383

35 nightchill the Trooper (level 3, -1/20 HPs)
             Began as a Vine Stalker Fighter on Jan 5, 2024.
             Slain by Terence
             ... wielding a +0 hand axe
              (7 damage)
             ... on level 2 of the Dungeon.
             The game lasted 00:02:14 (874 turns).

nightchill the Trooper (Vine Stalker Fighter)        Turns: 874, Time: 00:02:14

Health: -1/20      AC:  7    Str: 18    XL:     3   Next: 35%
Magic:  0/4        EV:  9    Int:  8    God:
Gold:   35         SH:  5    Dex: 15    Spells: 2/2 levels left

rFire   . . .        a - +0 rapier
rCold   . . .        c - +0 buckler
rNeg    . . .        b - +0 scale mail
rPois   .            s - +0 helmet
rElec   .            (no cloak)
rCorr   .            (no gloves)
SInv    .            (no boots)
Will    .....        (no amulet) Stlth
                     (no ring)
HPRegen 0.23/turn    (no ring)
MPRegen 0.09/turn

%: guardian spirit
@: no status effects
A: fangs 2, magic shield, antimagic bite, no potion heal 2
a: no special abilities


You were on level 2 of the Dungeon.
You visited 1 branch of the dungeon, and saw 2 of its levels.

You collected 35 gold pieces.

Inventory:

Hand Weapons
 a - a +0 rapier (weapon)
 l - a +1 dagger of holy wrath
Armour
 b - a +0 scale mail (worn)
 c - a +0 buckler (worn)
 s - a +0 helmet (worn)
Jewellery
 h - a ring of fire
 k - a ring of fire
Scrolls
 e - 2 scrolls of noise {unknown}
 j - a scroll of identify {unknown}
 m - 2 scrolls of teleportation {unknown}
 n - a scroll of brand weapon {unknown}
 o - a scroll of immolation {unknown}
 p - a scroll of magic mapping {unknown}
 r - a scroll of fear {unknown}
Potions
 d - 2 potions of might
 f - a potion of curing {unknown}
 g - a potion of flight {unknown}
 i - a potion of degeneration {unknown}
 q - a potion of lignification {unknown}


   Skills:
 + Level 3.1 Fighting
 * Level 2.9 Short Blades
 - Level 2.4 Armour
 - Level 2.6 Shields


You had 2 spell levels left.
You didn't know any spells.
Your spell library was empty.

Dungeon Overview and Level Annotations

Branches:
Dungeon (2/15)

Altars:

Annotations:
D:2 Terence


Innate Abilities, Weirdness & Mutations

You have extremely sharp teeth.
When hurt, damage is shared between your health and your magic reserves.
Your bite disrupts and absorbs the magic of your enemies.
Potions cannot restore your health.


Message History

Terence barely misses you.
You hit Terence. Your bite misses Terence.
Terence is severely wounded.
You block Terence's attack.
You hit Terence but do no damage.
Terence is severely wounded.
You block Terence's attack.
You hit Terence but do no damage.
Terence is severely wounded.
Terence hits you with a +0 hand axe.
You barely miss Terence.
Terence is severely wounded.
Terence hits you with a +0 hand axe.
* * * LOW HITPOINT WARNING * * *
You hit Terence.
Terence is severely wounded.
Terence hits you but does no damage.
You hit Terence but do no damage.
Terence is severely wounded.
Terence barely misses you.
You closely miss Terence.
Terence is severely wounded.
Terence hits you but does no damage. You block Terence's attack.
You barely miss Terence. You bite Terence, but do no damage.
Terence is severely wounded.
You block Terence's attack.
You hit Terence but do no damage.
Terence is severely wounded.
Terence completely misses you.
You hit Terence but do no damage.
Terence is severely wounded.
Terence hits you with a +0 hand axe.
* * * LOW HITPOINT WARNING * * *
You hit Terence.
Terence is almost dead.
Terence hits you with a +0 hand axe.
You hit Terence but do no damage. You bite Terence, but do no damage.
Terence is almost dead.
Terence hits you with a +0 hand axe!
You die...

###
..#
#.#
#.#
#@#
#@#
#.#
#.#
#.#
#.#
#.#
#.#
#.#
#.#
#.#
#.#


You could see Terence.

Vanquished Creatures
  2 dart slugs (D:1)
  An endoplasm (D:2)
  A giant cockroach (D:1)
  5 goblins (D:1)
  3 hobgoblins (D:1)
  A kobold (D:1)
  2 quokkas
  3 ball pythons
  5 bats
  5 frilled lizards
  A rat (D:2)
29 creatures vanquished.

Notes
Turn   | Place    | Note
-------+----------+-------------------------------------------
     0 | D:1      | nightchill the Vine Stalker Fighter began the quest for the
                  | Orb.
     0 | D:1      | Reached XP level 1. HP: 11/11 MP: 2/2
    61 | D:1      | Reached XP level 2. HP: 12/16 MP: 3/3
   317 | D:1      | Reached skill level 3 in Fighting
   479 | D:1      | Reached XP level 3. HP: 17/20 MP: 2/4
   854 | D:2      | Noticed Terence
   874 | D:2      | Slain by Terence

Illustrated notes

Levels and vault maps discovered:
D:1:      spicycebolla_arrival_ecumenical, layout_rooms,
          chequers_serial_rivers_room_b, chequers_serial_rivers_small_a,
          amcnicky_mini_pool_small
D:2:      layout_basic, minmay_close_crescents, uniq_natasha, uniq_terence

Skill      XL: |  1  2 |
---------------+-------+-----
Short Blades   | 2 |  2.9
Fighting       | 3 |  3.1
Armour         | |  2.4
Shields        | |  2.6

Action                     || total
---------------------------++-------
  Melee: Rapier            ||    79
         Bite              ||    15
 Armour: Scale mail        ||    26
  Dodge: Dodged            ||    29
  Block: Buckler           ||    22
